 Dungeon Crawl Stone Soup version 0.24-a0-630-g0d56a851f4 (webtiles) character file.

Game seed: 11968870166040287106, levelgen mode: deterministic

17344 Engwar the Brawler (level 12, 0/178 HPs)
             Began as a Troll Artificer on Sept 20, 2019.
             Was a High Priest of Trog.
             Killed by mirror damage (8 damage)
             ... on level 13 of the Dungeon.
             The game lasted 00:31:24 (7747 turns).

Engwar the Brawler (Troll Artificer)                Turns: 7747, Time: 00:31:25

Health: 0/178      AC: 14    Str: 28    XL:     12   Next: 18%
Magic:  14/14      EV: 12    Int:  7    God:    Trog [*****.]
Gold:   560        SH:  0    Dex: 14    Spells: 11/11 levels left

rFire    . . .     SeeInvis .     - Unarmed
rCold    . . .     Gourm    +   (no shield)
rNeg     . . .     Faith    .   D - +1 troll leather armour
rPois    .         Spirit   .   x - +2 hat {MR+}
rElec    .         Reflect  .   k - +2 cloak
rCorr    .         Harm     .   (gloves unavailable)
MR       +....                  (boots unavailable)
Stlth    ..........             (no amulet)
HPRegen  1.19/turn              A - ring of flight
MPRegen  0.14/turn              (no ring)

@: berserking (expiring), very quick
A: large, unfitting armour, claws 3, fast metabolism 3, gourmand, regeneration
1, shaggy fur 1, tough skin 3
a: Berserk, Trog's Hand, Brothers in Arms, Renounce Religion, Evoke Flight


You were on level 13 of the Dungeon.
You worshipped Trog.
Trog was extremely pleased with you.
You were very full.

You visited 1 branch of the dungeon, and saw 12 of its levels.
You also visited: Sewer.

You collected 560 gold pieces.

Inventory:

Hand Weapons
 a - a +3 hunting sling of velocity
Missiles
 b - 52 sling bullets
 y - 8 javelins (quivered)
 G - 4 silver javelins
Armour
 k - a +2 cloak (worn)
 x - a +2 hat of magic resistance (worn)
 D - a +1 troll leather armour (worn)
Jewellery
 w - an uncursed ring of fire
 A - a ring of flight (left claw)
Wands
 c - a wand of flame (27)
 d - a wand of enslavement (15)
 e - a wand of random effects (15)
 p - a wand of clouds (7)
 t - a wand of iceblast (10)
Scrolls
 g - 3 scrolls of remove curse
 h - 6 scrolls of teleportation
 l - a scroll of fear
 z - a scroll of blinking
 E - a scroll of vulnerability {unknown}
Potions
 i - 3 potions of lignification
 j - 6 potions of flight
 m - a potion of invisibility {unknown}
 n - 4 potions of curing
 o - 2 potions of agility {unknown}
 q - 3 potions of heal wounds {unknown}
 s - a potion of haste
 v - 2 potions of mutation {unknown}
 B - a potion of magic {unknown}
 C - a potion of brilliance {unknown}
Comestibles
 f - 21 rations
 r - 2 chunks of flesh


   Skills:
 + Level 7.6 Fighting
   Level 0.7 Short Blades
 - Level 2.1 Throwing
 - Level 5.6 Dodging
 - Level 0.3 Stealth
 + Level 15.1 Unarmed Combat
 - Level 4.0 Evocations


You had 11 spell levels left.
You didn't know any spells.
Your spell library contained the following spells:

 Spells                   Type           Power        Failure   Level  Hunger
 Confusing Touch          Hex            #.....       45%         1    ##.....
 Confuse                  Hex            #.......     83%         3    ####...
 Gell's Gravitas          Tloc           #.........   83%         3    ####...
 Petrify                  Tmut/Erth      #.......     99%         4    #####..
 Metabolic Englaciation   Hex/Ice        #.........   100%        5    ######.
 Yara's Violent Unravell  Hex/Tmut       #.........   100%        5    ######.


Dungeon Overview and Level Annotations

Branches:
Dungeon (14/15)            Temple (0/1) D:6            Lair (0/6) D:9
  Sewer (visited)
    Orc: D:9-12      Vaults: D:13-14

Altars:
Dithmenos
Hepliaklqana
Kikubaaqudgha
Makhleb
Okawaru
Qazlal
Ru
Trog
Vehumet
Zin

Shops:
D:8 (   D:13 =

Annotations:
D:4 Edmund
D:10 Joseph


Innate Abilities, Weirdness & Mutations

You are too large for most types of armour.
You have claws for hands.
Your metabolism is lightning-fast.
You like to eat raw meat.
Your natural rate of healing is unusually fast.
You are covered in fur. (AC +1)
You have extremely tough skin. (AC +3)


Message History

The death knight reflects your damage back at you!
The freezing wraith barely misses you. The freezing wraith hits you!
* * * LOW HITPOINT WARNING * * *
The phantasmal warrior hits you!!
* * * LOW HITPOINT WARNING * * *
You scratch the death knight but do no damage.
The death knight is almost dead.
The death knight hits you with a +0 battleaxe!!
* * * LOW HITPOINT WARNING * * *
Unknown command.
Unknown command.
You barely miss the death knight.
The death knight is almost dead.
Unknown command.
Unknown command.
You mangle the death knight!!
You kill the death knight!
Trog accepts your kill.
Your damage is reflected back at you!
You die...

.......###.# #
..........# .##. ###
.............#.####.#
.......##.#.#......#
..................#
.#####....#............#
......)WW.....#........#
.......@..#...##.>......
######................##
## #.##.#....##>###... .
###.##.#.............
##.#
.............########.
.#.# ##.#.#####...# #.
#. .#.## .#. #...#
##.##. ....# # ..
.....####..... .#..#
####...........


You could see a phantasmal warrior and a freezing wraith.

Vanquished Creatures
  Gastronok (D:8)
  Snorg (D:14)
  A centaur warrior (D:14)
  A two-headed ogre (D:8)
  2 death knights (D:13)
  3 death yaks
  2 skeletal warriors
  An unseen horror (D:10)
  A harpy (shapeshifter) (D:13)
  A freezing wraith (D:13)
  A troll (D:9)
  3 hippogriffs
  A shadow (D:9)
  3 yaks (D:10)
  A wyvern (D:13)
  A human (D:8)
  4 hogs (D:8)
  Eustachio (D:6)
  2 porcupines (D:9)
  3 phantoms
  An orc warrior (D:10)
  3 sky beasts
  5 ice beasts
  5 ogres
  2 centaurs
  A big kobold (D:7)
  8 bullfrogs
  2 wyvern skeletons
  6 scorpions
  A water moccasin skeleton (D:7)
  11 wights
  13 killer bees
  An electric eel (D:10)
  2 howler monkeys
  4 crimson imps
  8 hounds
  A jelly (D:7)
  3 orc priests
  4 orc wizards
  3 bullfrog skeletons
  3 centaur skeletons
  4 iguanas
  Terence (D:3)
  9 worker ants
  Natasha (thrice) (D:3)
  A hell rat (D:9)
  A killer bee zombie (D:10)
  Robin (D:4)
  9 adders
  3 river rats
  3 shadow imps
  An ooze (D:2)
  An adder skeleton (D:4)
  5 worms
  A dart slug (D:1)
  5 leopard geckos
  19 orcs
  12 bats
  4 giant cockroaches
  16 goblins
  4 hobgoblins
  22 jackals
  5 quokkas
  4 ball pythons
  4 frilled lizards
  A jackal skeleton (D:4)
  13 kobolds
  A leopard gecko skeleton (D:6)
  8 rats
282 creatures vanquished.

Notes
Turn   | Place    | Note
-------+----------+-------------------------------------------
     0 | D:1      | Engwar the Troll Artificer began the quest for the Orb.
     0 | D:1      | Reached XP level 1. HP: 18/18 MP: 1/1
   150 | D:1      | Reached skill level 1 in Unarmed Combat
   359 | D:1      | Reached XP level 2. HP: 26/26 MP: 2/2
   426 | D:1      | Reached skill level 2 in Unarmed Combat
  1040 | D:2      | Reached XP level 3. HP: 32/32 MP: 3/3
  1065 | D:2      | Reached skill level 3 in Unarmed Combat
  1350 | D:2      | Found a hazy altar of Hepliaklqana.
  1350 | D:2      | Found a shadowy altar of Dithmenos.
  1351 | D:2      | Found a burning altar of Makhleb.
  1352 | D:2      | Found a bloodstained altar of Trog.
  1370 | D:2      | Became a worshipper of Trog the Wrathful
  1439 | D:2      | Reached XP level 4. HP: 38/40 MP: 4/4
  1616 | D:3      | Found a faded altar of an unknown god.
  1627 | D:3      | Reached skill level 4 in Unarmed Combat
  1668 | D:3      | Found a glowing drain.
  1689 | D:3      | Reached XP level 5. HP: 35/46 MP: 5/5
  1718 | Sewer    | Entered a sewer
  1730 | Sewer    | Reached skill level 5 in Unarmed Combat
  1908 | Sewer    | Reached * piety under Trog
  2187 | D:3      | Noticed Terence
  2192 | D:3      | Killed Terence
  2204 | D:3      | Found a stormy altar of Qazlal.
  2246 | D:3      | Noticed Natasha
  2253 | D:3      | Killed Natasha
  2322 | D:3      | Noticed an ogre
  2330 | D:3      | Killed an ogre
  2330 | D:3      | Reached skill level 6 in Unarmed Combat
  2330 | D:3      | Reached XP level 6. HP: 39/54 MP: 6/6
  2522 | D:3      | Noticed Natasha
  2536 | D:3      | Killed Natasha
  2715 | D:4      | Noticed Edmund
  2744 | D:3      | Noticed Natasha
  2749 | D:3      | Killed Natasha
  2839 | D:4      | Reached skill level 7 in Unarmed Combat
  2940 | D:4      | Reached XP level 7. HP: 61/61 MP: 7/7
  2955 | D:4      | Identified the cursed +0 helmet of Mocsuekh {Str+4 Dex+5}
  2955 | D:4      | Noticed Robin
  2971 | D:4      | Killed Robin
  2976 | D:4      | Reached ** piety under Trog
  3230 | D:5      | Entered Level 5 of the Dungeon
  3236 | D:5      | Reached skill level 8 in Unarmed Combat
  3474 | D:5      | Reached skill level 1 in Fighting
  3616 | D:5      | Reached XP level 8. HP: 72/72 MP: 8/8
  3745 | D:5      | Reached skill level 9 in Unarmed Combat
  4361 | D:6      | Reached skill level 10 in Unarmed Combat
  4419 | D:6      | Noticed Eustachio
  4426 | D:6      | Killed Eustachio
  4466 | D:6      | Reached *** piety under Trog
  4529 | D:6      | Found a staircase to the Ecumenical Temple.
  4593 | D:6      | Reached XP level 9. HP: 84/84 MP: 9/9
  4998 | D:7      | Reached skill level 5 in Fighting
  5148 | D:8      | Found a radiant altar of Vehumet.
  5148 | D:8      | Noticed a two-headed ogre
  5162 | D:7      | Reached skill level 11 in Unarmed Combat
  5323 | D:8      | Found Giojuuz's Antique Weapon Emporium.
  5383 | D:8      | Found an ancient bone altar of Kikubaaqudgha.
  5436 | D:8      | Killed a two-headed ogre
  5494 | D:8      | Reached XP level 10. HP: 61/96 MP: 10/10
  5582 | D:8      | Noticed Gastronok
  5599 | D:8      | Killed Gastronok
  5599 | D:8      | Reached skill level 5 in Dodging
  5599 | D:8      | Reached skill level 12 in Unarmed Combat
  5765 | D:8      | Reached **** piety under Trog
  5855 | D:9      | Reached skill level 13 in Unarmed Combat
  5905 | D:9      | Reached skill level 1 in Throwing
  6224 | D:9      | Found a glowing silver altar of Zin.
  6227 | D:9      | Found a sacrificial altar of Ru.
  6230 | D:9      | Found an iron altar of Okawaru.
  6352 | D:9      | Noticed a death yak
  6352 | D:9      | Noticed a death yak
  6357 | D:9      | Noticed a death yak
  6364 | D:8      | Killed a death yak
  6364 | D:8      | Reached XP level 11. HP: 102/102 MP: 10/12
  6494 | D:9      | Killed a death yak
  6507 | D:9      | Killed a death yak
  6559 | D:9      | Found a staircase to the Lair.
  6645 | D:10     | Entered Level 10 of the Dungeon
  6660 | D:10     | Reached ***** piety under Trog
  6660 | D:10     | Noticed Joseph
  6854 | D:10     | Reached skill level 14 in Unarmed Combat
  6964 | D:10     | Killed an unseen horror
  7156 | D:10     | You fall into a shaft and drop 3 floors!
  7156 | D:13     | Noticed a harpy
  7163 | D:13     | Killed a harpy
  7346 | D:13     | Noticed a death knight
  7359 | D:13     | Killed a death knight
  7424 | D:13     | Found Oqutoe's Jewellery Shoppe.
  7431 | D:13     | You fall into a shaft and drop 1 floor!
  7446 | D:14     | Noticed Snorg
  7462 | D:14     | Killed Snorg
  7463 | D:14     | Noticed a two-headed ogre
  7463 | D:14     | Noticed a deep elf mage
  7467 | D:14     | Noticed a two-headed ogre
  7468 | D:14     | Noticed a two-headed ogre
  7470 | D:14     | Noticed a skeletal warrior
  7476 | D:14     | Received a gift from Trog
  7485 | D:14     | Killed a skeletal warrior
  7508 | D:14     | Noticed a centaur warrior
  7514 | D:14     | Noticed an eight-headed hydra
  7516 | D:14     | Noticed a skeletal warrior
  7516 | D:14     | Noticed a skeletal warrior
  7521 | D:14     | Killed a centaur warrior
  7521 | D:14     | Reached XP level 12. HP: 26/118 MP: 14/14
  7728 | D:13     | Reached skill level 15 in Unarmed Combat
  7728 | D:13     | Noticed a death knight
  7745 | D:13     | HP: 7/177 [death knight/+0 battleaxe (18)]
  7747 | D:13     | Killed a death knight
  7747 | D:13     | Killed by mirror damage

Levels and vault maps discovered:
D:1:      ebering_trefoil_twist, layout_loops_corners
D:2:      layout_loops_cross, minitemple, st_stairs_14
D:3:      layout_basic, nicolae_overflow_hidden_temple, portal_sewer_entry_c,
          chequers_ecumenical_altar_simple_redux, uniq_natasha, uniq_terence
D:4:      layout_cave_pools, first_ration, ebering_dispersal_statue_hall,
          uniq_robin, uniq_edmund
D:5:      layout_basic
D:6:      layout_rooms, minmay_temple_entry_poolview, uniq_eustachio
D:7:      layout_rooms
D:8:      layout_rooms, vehumet_crystals, serial_shops, shop, basic_altar,
          grunt_livestock, uniq_gastronok
D:9:      layout_rooms, grunt_temple_overflow_diamond, dpeg_lair_monsters
D:10:     layout_basic, uniq_joseph
D:13:     layout_basic, minmay_shop_enchanted_jewellery
D:14:     layout_gridville, david_vaults_1, hangedman_decor_diamond_cutter,
          serial_shops, kennysheep_mini, uniq_snorg

Skill      XL: |  1  2  3  4  5  6  7  8  9 10 11 12 |
---------------+-------------------------------------+-----
Unarmed Combat | 1 2 3 4 6 7 8 10 11 13 14 15 | 15.1
Fighting       | 2 4 5 7 |  7.6
Dodging        | 4 5 |  5.6
Throwing       | 2 |  2.1
Evocations     | 4 |  4.0
Short Blades   | |  0.7
Stealth        | |  0.3

Action                   |  1- 3 |  4- 6 |  7- 9 | 10-12 || total
-------------------------+-------+-------+-------+-------++-------
Melee: Unarmed           |   101 |   157 |   243 |   362 ||   863
       Punch             |       |     1 |    14 |    22 ||    37
 Fire: Hunting sling     |       |       |    22 |     4 ||    26
Invok: Berserk           |       |       |     1 |    10 ||    11
  Use: Scroll            |       |    10 |     7 |     4 ||    21
       Potion            |       |       |       |     1 ||     1
 Stab: Sleeping          |     3 |     2 |       |       ||     5
  Eat: Chunk             |    19 |    13 |    26 |    29 ||    87
Armor: Robe              |    33 |    55 |   100 |    56 ||   244
       Troll leather arm |       |       |       |   114 ||   114
Dodge: Dodged            |    51 |   121 |   121 |   199 ||   492

Table legend:
 A = Non-vault XP
 B = Vault XP
 C = Vault XP percentage of total XP
 D = Non-vault monster count
 E = Vault monster count
 F = Vault count percentage of total count
                 A         B        C        D         E       F
            +---------+---------+-------+---------+---------+-------
      Total |   17172 |    7606 |  30.7 |     228 |      54 |  19.1
            +---------+---------+-------+---------+---------+-------
        D:1 |      22 |       0 |   0.0 |      14 |       0 |   0.0
        D:2 |      71 |       7 |   9.0 |      16 |       2 |  11.1
        D:3 |     323 |      98 |  23.3 |      23 |       6 |  20.7
        D:4 |     300 |      34 |  10.2 |      15 |      12 |  44.4
        D:5 |     815 |       0 |   0.0 |      18 |       0 |   0.0
        D:6 |    1053 |     181 |  14.7 |      23 |       1 |   4.2
        D:7 |     911 |       0 |   0.0 |      15 |       0 |   0.0
        D:8 |    1932 |    4057 |  67.7 |      15 |       7 |  31.8
        D:9 |    1964 |    2098 |  51.6 |      42 |       9 |  17.6
       D:10 |    2198 |       0 |   0.0 |      18 |       0 |   0.0
       D:13 |    4427 |       0 |   0.0 |      17 |       0 |   0.0
       D:14 |    3156 |    1106 |  26.0 |      12 |       1 |   7.7
      Sewer |       0 |      25 | 100.0 |       0 |      16 | 100.0
            +---------+---------+-------+---------+---------+-------
